[Event "Team 45 45 League T53"]
[Site "Internet Chess Club"]
[Date "2012.05.28"]
[Round "2"]
[White "CoasterBrake"]
[Black "vjbaker"]
[Result "0-1"]
[WhiteElo "1161"]
[BlackElo "1278"]
[Opening "Bishop's opening: Berlin defense"]
[ECO "C24"]
[Time "15:01:23"]
[TimeControl "2700+45"]

1. e4 e5 2. Bc4 Nf6 3. d3 Bc5 4. Nf3 d6 5. c3 Nc6 6. Nbd2 O-O 7. O-O Bg4 8. Re1
Nh5 9. Nf1 Qf6 10. h3 Be6 11. Bb5 h6 12. Be3 Ne7 13. d4 exd4 14. cxd4 Bb4 15.
Bd2 Bxd2 16. Qxd2 c6 17. Ba4 Rfd8 18. Qc3 Ng6 19. d5 Qxc3 20. bxc3 cxd5 21. e5
Nhf4 22. Bb3 Rac8 23. Re3 b5 24. g3 Nxh3+ 25. Kg2 Rc5 26. Nd4 Ng5 27. Nd2 dxe5
28. Nxe6 Nxe6 29. Nf3 f6 30. Bc2 Kf7 31. Bf5 Ngf8 32. Nd2 g6 33. Nb3 Rc7 34. Bd3
a6 35. Rh1 Kg7 36. Be2 Nd7 37. Rd1 Nb6 38. Bg4 Nc5 39. Nc1 Nc4 40. Ree1 h5 41.
Bf3 e4 42. Be2 f5 43. Nb3 Nxb3 44. axb3 Ne5 45. Rc1 g5 46. Rh1 Rh8 47. Rc2 Kg6
48. Rcc1 a5 49. Bxb5 f4 50. gxf4 gxf4 51. Rhd1 Rd8 52. c4 Nd3 53. Ra1 Ra8 54.
cxd5 Rc5 55. Bxd3 exd3 56. Rxd3 Rd8 57. Rad1 Kf5 58. Rd4 Ke5 59. Kf3 Rc3+ 60.
R4d3 Rxd3+ 61. Rxd3 h4 62. Kg4 h3 63. Kxh3 Rxd5 64. Rxd5+ Kxd5 65. Kg4 Ke4 66.
f3+ Ke3 {White resigns} 0-1

[Event "Team 45 45 League T53"]
[Site "Internet Chess Club"]
[Date "2012.05.28"]
[Round "2"]
[White "mc9999"]
[Black "WzeroMN"]
[Result "1-0"]
[WhiteElo "1249"]
[BlackElo "1062"]
[Opening "Vienna gambit"]
[ECO "C29"]
[Time "09:05:30"]
[TimeControl "2700+45"]

1. e4 e5 2. Nc3 Nf6 3. f4 Nc6 4. fxe5 Nxe5 5. d4 Ng6 6. e5 Ng8 7. Nf3 Bb4 8. Bg5
f6 9. exf6 gxf6 10. Qe2+ N6e7 11. Bd2 d5 12. h3 Bf5 13. O-O-O Qd6 14. Re1 O-O-O
15. Nb5 Bxd2+ 16. Qxd2 Qb6 17. Qe3 Re8 18. g4 Bd7 19. Na3 Nc6 20. Qd2 Rxe1+ 21.
Qxe1 Nh6 22. Qd2 Nf7 23. Bb5 a6 24. Bd3 Nb4 25. Kb1 Nxd3 26. Qxd3 Nd6 27. Re1
Re8 28. Rxe8+ Bxe8 29. Qxh7 Qc6 30. Qe7 f5 31. Ne5 Qa4 32. Qe6+ Kb8 33. Qxd5 Bf7
34. Nxf7 Qe8 35. Ne5 fxg4 36. hxg4 Qf8 37. Nd7+ {Black resigns} 1-0

[Event "Team 45 45 League T53"]
[Site "Internet Chess Club"]
[Date "2012.05.28"]
[Round "2"]
[White "Cicero"]
[Black "GideonL"]
[Result "1-0"]
[WhiteElo "1303"]
[BlackElo "1242"]
[Opening "Philidor's defense"]
[ECO "C41"]
[Time "13:30:27"]
[TimeControl "2700+45"]

1. e4 e5 2. Nf3 d6 3. Bc4 Nf6 4. Ng5 Be6 5. Nxe6 fxe6 6. Bxe6 Nc6 7. Nc3 Qe7 8.
Bf5 g6 9. Bh3 g5 10. Bf5 h5 11. Bg6+ Kd8 12. d3 Qg7 13. Bf5 Nd4 14. Bd2 g4 15.
Ne2 Nxf5 16. exf5 Qd7 17. Ng3 h4 18. Ne4 Qxf5 19. Nxf6 Qxf6 20. Qxg4 e4 21. Bg5
Be7 22. Bxf6 Bxf6 23. O-O-O exd3 24. Rxd3 Be5 25. Re1 Bxh2 26. Qe4 Be5 27. Qxe5
Rf8 28. Qe7+ Kc8 29. Qxf8+ Kd7 30. Qxa8 Kc6 31. Qe8+ Kb6 32. Rb3+ Ka5 33. Qb5#
{Black checkmated} 1-0

[Event "Team 45 45 League T53"]
[Site "Internet Chess Club"]
[Date "2012.05.25"]
[Round "2"]
[White "lawth3"]
[Black "tamky70"]
[Result "1-0"]
[WhiteElo "1281"]
[BlackElo "1377"]
[Opening "Dutch"]
[ECO "A80"]
[Time "18:59:28"]
[TimeControl "2700+45"]

1. d4 f5 2. Nf3 e6 3. Nc3 Nf6 4. g3 g6 5. Bg2 Bg7 6. O-O O-O 7. Bf4 a6 8. Re1 d5
9. e3 Nbd7 10. b4 Nh5 11. Bg5 Bf6 12. Bxf6 Nhxf6 13. Na4 b6 14. Qd3 Bb7 15. c4
Bc6 16. Nb2 b5 17. c5 Re8 18. a4 Ne4 19. Nd2 Nxd2 20. Qxd2 Nf6 21. h3 Ne4 22.
Qc2 e5 23. Nd3 exd4 24. exd4 Qg5 25. Ne5 Qf6 26. axb5 Bxb5 27. h4 Rxe5 28. dxe5
Qxe5 29. f3 Qc3 30. Qxc3 Nxc3 31. Re7 Ne2+ 32. Kf2 c6 33. Bf1 Nd4 34. Bxb5 Nxb5
35. Rae1 d4 36. Re8+ Rxe8 37. Rxe8+ Kf7 38. Ra8 Ke6 39. Rxa6 Kd5 40. Ke2 Nc3+
41. Kd3 Nb5 42. Ra8 Ke6 43. Rh8 h5 44. Rg8 Kf6 45. Ra8 g5 46. Ra6 gxh4 47. gxh4
Ke5 48. Rxc6 Kf4 49. Rb6 Na7 50. Kxd4 Kxf3 51. Rf6 f4 52. Ke5 Nc6+ 53. Rxc6
{Black resigns} 1-0

[Event "Team 45 45 League T53"]
[Site "Internet Chess Club"]
[Date "2012.05.28"]
[Round "2"]
[White "theartist"]
[Black "Macovitski"]
[Result "1-0"]
[WhiteElo "1200"]
[BlackElo "1058"]
[Opening "QGA: 3.e4"]
[ECO "D20"]
[Time "13:16:54"]
[TimeControl "2700+45"]

1. d4 d5 2. c4 dxc4 3. e4 e5 4. Nf3 exd4 5. Bxc4 Nc6 6. O-O Be6 7. Bxe6 fxe6 8.
e5 Bc5 9. Qb3 Qd7 10. Qxb7 Rb8 11. Qa6 Nge7 12. Qe2 O-O 13. Rd1 Nd5 14. Nbd2 Nf4
15. Qc4 Bb6 16. Nb3 Nd5 17. Nbxd4 Nxd4 18. Nxd4 Qf7 19. Nf3 Qh5 20. Qe2 c6 21.
Rd2 Nf4 22. Qc4 Qg6 23. Qf1 Nh3+ 24. Kh1 Nf4 25. Rc2 Rbc8 26. Bxf4 Rxf4 27. Rd2
Rcf8 28. Rad1 Ba5 29. Rd4 Rxd4 30. Nxd4 c5 31. Nf3 Rb8 32. b3 Qc2 33. Rd6 Re8
34. Ra6 Qxa2 35. Rxa7 Kh8 36. Ra6 Rf8 37. Ng5 Qd2 38. Nf3 Qc3 39. Rxe6 Qxb3 40.
Ra6 Bc7 41. e6 Re8 42. Ng5 h6 43. Ne4 c4 44. Rc6 Qb5 45. Rxc7 Qe5 46. Qxc4 Rxe6
47. Rc5 Qxe4 48. Qxe4 Rxe4 49. g3 Kh7 50. Rc6 g6 51. Rc7+ Kh8 52. Kg2 Re8 53. g4
g5 54. Kg3 Rg8 55. h4 Rg7 56. Rc5 gxh4+ 57. Kxh4 Kh7 58. f4 Rg6 59. Rc7+ Rg7 60.
Rxg7+ Kxg7 61. Kh5 Kh7 62. f5 Kg7 63. g5 hxg5 64. Kxg5 Kf7 65. f6 Kg8 66. Kg6
Kf8 67. f7 Ke7 68. Kg7 Ke6 69. f8=Q Ke5 70. Qe8+ Kd4 71. Kf6 Kd5 72. Qe6+ Kd4
73. Qe5+ Kc4 74. Qd6 Kc3 75. Ke5 Kc4 76. Qd4+ Kb5 77. Qc3 Kb6 78. Kd5 Kb5 79.
Qb3+ Ka6 80. Kc5 Ka7 81. Kc6 Ka8 82. Kc7 {Black resigns} 1-0

[Event "Team 45 45 League T53"]
[Site "Internet Chess Club"]
[Date "2012.05.27"]
[Round "2"]
[White "JWB"]
[Black "jantonio"]
[Result "1-0"]
[WhiteElo "1691"]
[BlackElo "1613"]
[Opening "King's Indian: 6.Be2"]
[ECO "E91"]
[Time "14:00:21"]
[TimeControl "2700+45"]

1. Nf3 Nf6 2. c4 g6 3. Nc3 Bg7 4. e4 d6 5. d4 O-O 6. Be2 c5 7. d5 Bd7 8. O-O Na6
9. Nd2 Qc8 10. f4 Bg4 11. e5 Bxe2 12. Qxe2 Ng4 13. Nf3 Nh6 14. Kh1 Nc7 15. Bd2
Qd7 16. Rae1 Rae8 17. e6 fxe6 18. dxe6 Qc8 19. b3 Rf6 20. Ng5 Nf5 21. Nd5 Nxd5
22. cxd5 Nd4 23. Qd3 Rf5 24. Qe4 Nb5 25. g4 Rf6 26. f5 Ref8 27. Nf7 R8xf7 28.
exf7+ Rxf7 29. fxg6 Rxf1+ 30. Rxf1 Be5 31. gxh7+ Kh8 32. Bh6 Nc3 33. Qg6 Bf6 34.
Rxf6 exf6 35. Qg7# {Black checkmated} 1-0

[Event "Team 45 45 League T53"]
[Site "Internet Chess Club"]
[Date "2012.05.26"]
[Round "2"]
[White "gandre"]
[Black "Frankly"]
[Result "1-0"]
[WhiteElo "1810"]
[BlackElo "1768"]
[Opening "Queen's pawn: London system"]
[ECO "A45"]
[Time "16:00:34"]
[TimeControl "2700+45"]

1. d4 Nf6 2. Bf4 c5 3. e3 Qb6 4. Nc3 d6 5. Bd3 Nc6 6. dxc5 dxc5 7. Nb5 e5 8. Bg3
a6 9. Na3 Qxb2 10. Nc4 Qc3+ 11. Kf1 e4 12. Ne2 Bg4 13. Nxc3 Bxd1 14. Rxd1 exd3
15. cxd3 Nd7 16. Nd6+ Bxd6 17. Bxd6 O-O-O 18. Ne4 Nde5 19. Bxc5 Nxd3 20. Nd6+
Kb8 21. Rxd3 Ne5 22. Rb3 b5 23. Ke2 Rd7 24. a4 Rc7 25. Rc1 Rd8 26. axb5 a5 27.
Rbc3 Rdd7 28. Ba7+ {Black resigns} 1-0

[Event "Team 45 45 League T53"]
[Site "Internet Chess Club"]
[Date "2012.05.26"]
[Round "2"]
[White "rayngrant"]
[Black "moomaster"]
[Result "1-0"]
[WhiteElo "1581"]
[BlackElo "1641"]
[Opening "French: classical variation"]
[ECO "C14"]
[Time "10:28:43"]
[TimeControl "2700+45"]

1. e4 e6 2. d4 d5 3. Nc3 Nf6 4. Bg5 Be7 5. e5 Nfd7 6. Bxe7 Qxe7 7. Nf3 c5 8. Nb5
Qd8 9. Nd6+ Kf8 10. Qd2 Nc6 11. c3 a6 12. Ng5 Ndxe5 13. dxe5 Nxe5 14. Nxc8 Rxc8
15. Qf4 f6 16. Nxe6+ {Black resigns} 1-0

[Event "Team 45 45 League T53"]
[Site "Internet Chess Club"]
[Date "2012.05.29"]
[Round "2"]
[White "eagle"]
[Black "BenjaminSisko"]
[Result "0-1"]
[WhiteElo "1487"]
[BlackElo "1480"]
[Opening "Sicilian: accelerated fianchetto, modern variation"]
[ECO "B34"]
[Time "20:12:40"]
[TimeControl "2700+45"]

1. e4 c5 2. Nf3 g6 3. d4 cxd4 4. Nxd4 Nc6 5. Nc3 Bg7 6. Nxc6 bxc6 7. Bd2 a5 8.
a4 Nf6 9. Bc4 O-O 10. O-O d5 11. exd5 cxd5 12. Bb5 e6 13. Be3 Bd7 14. Bc5 Re8
15. Be2 Qc7 16. Be3 Rec8 17. Qd2 Ne4 18. Nxe4 dxe4 19. c3 Bc6 20. Bh6 Rd8 21.
Qe3 f5 22. Bc4 Bd5 23. Bb5 Bc4 24. Bxc4 Qxc4 25. Bxg7 Kxg7 26. h3 Ra6 27. Qg5
Rad6 28. Qe7+ Kg8 29. Qa7 Rd5 30. Qb6 Kf7 31. Qb7+ R8d7 32. Qb6 Qc8 33. Qe3 Rd3
34. Qh6 Kg8 35. Qg5 Rb7 36. Rfb1 Qb8 37. Ra2 Rxc3 38. bxc3 Rxb1+ 39. Qc1 Rxc1#
{White checkmated} 0-1

[Event "Team 45 45 League T53"]
[Site "Internet Chess Club"]
[Date "2012.05.25"]
[Round "2"]
[White "jhbchess"]
[Black "vaknight"]
[Result "1-0"]
[WhiteElo "1669"]
[BlackElo "1734"]
[Opening "English: Anglo-Dutch defense"]
[ECO "A10"]
[Time "13:03:50"]
[TimeControl "2700+45"]

1. c4 f5 2. g3 Nf6 3. Bg2 e6 4. e3 Be7 5. Ne2 O-O 6. O-O Nc6 7. b3 Rb8 8. Ba3 d6
9. Nbc3 Bd7 10. d4 Qe8 11. d5 Nd8 12. Nd4 e5 13. Ndb5 Bxb5 14. Nxb5 Qd7 15. Nxa7
c6 16. c5 Ne4 17. Bxe4 fxe4 18. cxd6 Bf6 19. Rc1 Rf7 20. Rc4 Ra8 21. Bc5 Rxa7
22. Bxa7 b5 23. Rc2 cxd5 24. Bc5 Qb7 25. b4 Ne6 26. f3 exf3 27. Qxf3 Ng5 28. Qg4
Ne4 29. Qe6 Ng5 30. Qe8+ Rf8 31. Qxf8+ Kxf8 32. d7+ Kg8 33. d8=Q+ {Black
resigns} 1-0

[Event "Team 45 45 League T53"]
[Site "Internet Chess Club"]
[Date "2012.05.28"]
[Round "2"]
[White "PawnPusher3"]
[Black "nursey"]
[Result "1/2-1/2"]
[WhiteElo "1570"]
[BlackElo "1617"]
[Opening "Ponziani opening"]
[ECO "C44"]
[Time "13:55:03"]
[TimeControl "2700+45"]

1. e4 e5 2. Nf3 Nc6 3. c3 d5 4. Qa4 Qd6 5. Bb5 Bd7 6. d4 Nf6 7. exd5 Nxd5 8.
dxe5 Nxe5 9. Bxd7+ Nxd7 10. O-O Be7 11. Qd4 O-O 12. c4 N5f6 13. Qxd6 Bxd6 14.
Nc3 Ne5 15. Nxe5 Bxe5 16. Bd2 Rad8 17. Rad1 Rfe8 18. Bg5 h6 19. Bxf6 Bxf6 20.
Nd5 Bxb2 21. Nxc7 Rxd1 22. Nxe8 Rd2 23. Nc7 Be5 24. Nd5 Rxa2 25. g3 Rc2 26. Ne3
Rd2 27. Re1 Bd4 28. Kf1 Kf8 29. Kg2 a6 30. Kf3 b6 31. Ke4 g6 32. Kf3 f5 33. Re2
Rd3 34. Ra2 a5 35. Ke2 Rc3 36. Kd2 Ke8 37. Ra4 Kd7 38. c5 bxc5 39. Rxa5 Rb3 40.
Ra7+ Kc6 41. Rh7 Bxe3+ 42. fxe3 Rb2+ 43. Kd3 Rxh2 44. Rg7 g5 45. Rf7 Rg2 46.
Rxf5 Rxg3 47. Rf6+ Kb5 48. Rxh6 c4+ 49. Kd4 Rf3 50. Rh5 Rf5 51. e4 Rc5 52. Rh8
Kb4 53. Rh1 Rc6 54. Rb1+ Ka5 55. Rc1 Kb5 56. Rb1+ Ka4 57. Rc1 Kb3 58. Rc3+ Kb4
59. Rc1 Rd6+ 60. Ke5 Rd3 61. Kf5 Re3 62. Rg1 c3 63. Rxg5 c2 64. Rg1 Rd3 65. Rc1
Kb3 66. e5 Rd1 67. Rxc2 Kxc2 68. e6 Re1 69. Kf6 Kd3 70. e7 Kd4 71. Kf7 Kd5 72.
e8=Q Rxe8 73. Kxe8 {Game drawn because neither player has mating material}
1/2-1/2

[Event "Team 45 45 League T53"]
[Site "Internet Chess Club"]
[Date "2012.05.28"]
[Round "2"]
[White "SeniorCitizen"]
[Black "monkeyshark"]
[Result "0-1"]
[WhiteElo "1357"]
[BlackElo "1502"]
[Opening "Danish gambit: Schlechter defense"]
[ECO "C21"]
[Time "10:01:13"]
[TimeControl "2700+45"]

1. e4 e5 2. d4 exd4 3. c3 dxc3 4. Bc4 cxb2 5. Bxb2 d5 6. Bxd5 Nf6 7. Nc3 Nxd5 8.
Nxd5 Nd7 9. Nf3 c6 10. Nc3 Bb4 11. O-O O-O 12. Ne2 Nc5 13. Qc2 Qd3 14. Qxd3 Nxd3
15. Bc3 Bg4 16. Bxb4 Nxb4 17. Ng3 Bxf3 18. gxf3 Nd3 19. Rab1 b5 20. Rb3 Rfd8 21.
Rd1 Nf4 22. Rxd8+ Rxd8 23. Rc3 Rd1+ 24. Nf1 Ne2+ {White resigns} 0-1

[Event "Team 45 45 League T53"]
[Site "Internet Chess Club"]
[Date "2012.05.25"]
[Round "2"]
[White "SugarIslander"]
[Black "Nathan-L"]
[Result "0-1"]
[WhiteElo "1626"]
[BlackElo "1653"]
[Opening "QGD Slav: 4.Nc3"]
[ECO "D15"]
[Time "16:00:36"]
[TimeControl "2700+45"]

1. d4 d5 2. c4 c6 3. Nf3 Nf6 4. Nc3 Nbd7 5. Bf4 e6 6. Qc2 Bb4 7. Bd2 O-O 8. e3
b6 9. Bd3 Ba6 10. cxd5 Bxd3 11. Qxd3 cxd5 12. a3 Bd6 13. O-O a6 14. b4 b5 15.
Rfc1 Qb6 16. Rc2 Qb7 17. Be1 Rfc8 18. Nd2 Nb6 19. Rac1 Rc6 20. f3 Rac8 21. Ne2
Rxc2 22. Rxc2 Nc4 23. Bg3 Bxg3 24. Nxg3 Rc6 25. Nb3 Qc7 26. Nc5 a5 27. Ne2 axb4
28. axb4 Qa7 29. Nc3 g6 30. Ra2 Qb8 31. g3 Nh5 32. Kf2 Kg7 33. e4 Nf6 34. e5 Ne8
35. g4 Nc7 36. Nd7 Qd8 37. Nf6 Ra6 38. Rxa6 Nxa6 39. Nxb5 Nxb4 40. Qb3 Nc6 41.
Qd3 Qb6 42. Nd6 N4xe5 43. Nde8+ Kh8 44. Ke3 Nxd3 {White resigns} 0-1

[Event "Team 45 45 League T53"]
[Site "Internet Chess Club"]
[Date "2012.05.24"]
[Round "2"]
[White "nanning"]
[Black "KyleMayhugh"]
[Result "0-1"]
[WhiteElo "1614"]
[BlackElo "1544"]
[Opening "QGD Slav: 4.e3"]
[ECO "D11"]
[Time "15:00:05"]
[TimeControl "2700+45"]

1. d4 d5 2. c4 c6 3. Nf3 Nf6 4. e3 Bd7 5. Qb3 Qc7 6. Nc3 dxc4 7. Bxc4 e6 8. e4
b5 9. Bd3 Be7 10. Bg5 O-O 11. Rc1 Qd8 12. O-O h6 13. Bf4 Be8 14. Rfd1 Nbd7 15.
Nxb5 Nh5 16. Bc7 Qc8 17. Rxc6 Nb6 18. Rcc1 Qb7 19. Nd6 Bxd6 20. Bxd6 Ba4 21. Qb4
Bxd1 22. Rc7 a5 23. Rxb7 axb4 24. Bxf8 Kxf8 25. Rxb6 Rxa2 26. Rb8+ Ke7 27. e5
Ra1 28. Nd2 Be2+ 29. Bb1 Bd3 30. g4 Nf4 31. f3 Bxb1 32. Nxb1 Rxb1+ 33. Kf2 Rxb2+
34. Ke3 Nd5+ 35. Kd3 {White resigns} 0-1

[Event "Team 45 45 League T53"]
[Site "Internet Chess Club"]
[Date "2012.05.28"]
[Round "2"]
[White "ChessMaine"]
[Black "oldsj"]
[Result "0-1"]
[WhiteElo "1467"]
[BlackElo "1605"]
[Opening "King's Indian: Torre attack"]
[ECO "A48"]
[Time "08:02:14"]
[TimeControl "2700+45"]

1. d4 Nf6 2. Nf3 g6 3. Bg5 Bg7 4. Nbd2 O-O 5. e4 d6 6. e5 dxe5 7. dxe5 Ng4 8.
Qe2 c5 9. Bf4 Be6 10. h3 Nh6 11. g4 Nc6 12. Ne4 Nd4 13. Nxd4 Qxd4 14. Bxh6 Bxh6
15. Nc3 Bf4 16. Rd1 Qxe5 17. Qxe5 Bxe5 18. Bg2 Bxc3+ 19. bxc3 Bxa2 20. Ra1 Bc4
21. Bxb7 Rab8 22. Rxa7 Ba6 23. Rxa6 Rxb7 24. O-O f5 25. Rc6 fxg4 26. hxg4 Rf4
27. Rxc5 Rxg4+ 28. Kh2 Rd7 29. Re1 Kf7 30. Rce5 Rc7 31. R5e3 Rgc4 32. Rf3+ Kg7
33. Ree3 R4c5 34. Kg2 e5 35. Rg3 Re7 36. Kf1 e4 37. Ke2 Rf5 38. f3 exf3+ 39.
Rxf3 Rxe3+ 40. Rxe3 Kf7 41. c4 h5 42. Kd3 Rc5 43. Kd4 Rc8 44. c5 g5 45. Kd5 h4
46. c6 Rd8+ 47. Kc5 g4 48. c7 Rh8 49. Kc6 h3 50. Rd3 h2 51. Rd7+ Ke6 52. Rd6+
Ke5 53. Rd5+ Kf4 54. Rd1 g3 55. Kd7 g2 56. c8=Q Rxc8 57. Kxc8 g1=Q 58. Rd8 Qc5+
59. Kb8 Qb6+ 60. Kc8 Qxd8+ {White resigns} 0-1

[Event "Team 45 45 League T53"]
[Site "Internet Chess Club"]
[Date "2012.05.29"]
[Round "2"]
[White "Dracoac"]
[Black "kidcobra"]
[Result "1-0"]
[WhiteElo "1774"]
[BlackElo "1721"]
[Opening "Queen's pawn game, Darooha variation "]
[ECO "D11"]
[Time "16:27:12"]
[TimeControl "2700+45"]

1. Nf3 d5 2. d4 Nf6 3. c4 c6 4. Qb3 dxc4 5. Qxc4 Qd5 6. Qxd5 cxd5 7. Nc3 Bg4 8.
Ne5 Bf5 9. e3 a6 10. Be2 e6 11. g4 Bg6 12. h4 h6 13. Nxg6 fxg6 14. Bd2 h5 15. g5
Nfd7 16. Bd3 Kf7 17. Rh3 Bb4 18. Rf3+ Ke7 19. Nxd5+ exd5 20. Bxb4+ Kd8 21. Bxg6
Nc6 22. Bd6 Nb6 23. Rf7 Rc8 24. Bf5 Nc4 25. Bg3 Ra8 26. g6 Ne7 27. Be6 a5 28. b3
Na3 29. Rc1 Nb5 30. Rc5 Ra6 31. Bxd5 Rb6 32. Bc4 Na3 33. Bc7+ Ke8 34. Bxb6 Nxg6
35. Rc8# {Black checkmated} 1-0

[Event "Team 45 45 League T53"]
[Site "Internet Chess Club"]
[Date "2012.06.05"]
[Round "2"]
[White "RD1974"]
[Black "clarinetref"]
[Result "1-0"]
[WhiteElo "1662"]
[BlackElo "1620"]
[Opening "Sicilian: closed, 6.Be3"]
[ECO "B26"]
[Time "19:05:26"]
[TimeControl "2700+45"]

1. e4 c5 2. Nc3 Nc6 3. g3 g6 4. Bg2 Bg7 5. d3 d6 6. Be3 Nf6 7. h3 Qa5 8. Qd2 h6
9. Nf3 Qb4 10. O-O Nd7 11. a3 Qxb2 12. Nd5 Kd8 13. Rfb1 Qxa1 14. Rxa1 Bxa1 15.
c3 e6 16. Nf4 g5 17. Ne2 Na5 18. Qa2 Bxc3 19. Nxc3 a6 20. Nd2 Rb8 21. Qb2 Ne5
22. Na4 Rh7 23. Qb6+ Ke7 24. Qc7+ Nd7 25. Qxa5 b6 26. Qc3 Bb7 27. Nf3 Bc6 28.
Nb2 b5 29. Ne5 Nxe5 30. Bxc5 f6 31. Bb4 Bb7 32. Qc7+ Nd7 33. Bxd6+ Ke8 34. e5
Bxg2 35. Kxg2 fxe5 36. Bxe5 b4 37. axb4 Rxb4 38. Qc8+ Ke7 39. Nc4 Nxe5 40. Qc5+
{Black resigns} 1-0

[Event "Team 45 45 League T53"]
[Site "Internet Chess Club"]
[Date "2012.05.27"]
[Round "2"]
[White "ElMarginal"]
[Black "chesskix"]
[Result "1-0"]
[WhiteElo "1520"]
[BlackElo "1494"]
[Opening "Dutch, 2.Bg5 variation"]
[ECO "A80"]
[Time "20:00:42"]
[TimeControl "2700+45"]

1. d4 f5 2. Bg5 Nf6 3. Bxf6 exf6 4. e3 Be7 5. Bc4 d5 6. Bd3 O-O 7. Nf3 Nc6 8.
Nh4 g6 9. c3 Bd6 10. Nd2 Ne7 11. Qc2 c6 12. c4 Kg7 13. c5 Bc7 14. O-O Ng8 15. f4
Nh6 16. h3 Be6 17. g3 Qc8 18. Rf2 g5 19. Nhf3 g4 20. Nh4 gxh3 21. Rh2 Ng4 22.
Re2 h2+ 23. Kh1 Qd7 24. Ndf3 Kh8 25. Nxh2 Nh6 26. Rg2 Rg8 27. Rag1 Rg7 28. Qb3
b5 29. Qd1 Ng4 30. Nxg4 fxg4 31. Qc2 Rf8 32. Nf5 Bxf5 33. Bxf5 Qe7 34. Qd3 a5
35. Rh2 a4 36. Kg2 Kg8 37. Rgh1 Re8 38. Kf2 Kf8 39. Rxh7 Bxf4 40. exf4 Rxh7 41.
Bxh7 b4 42. Bf5 Kg8 43. Bxg4 Qe4 44. Qxe4 Rxe4 45. Rd1 Kg7 46. Bd7 a3 47. bxa3
bxa3 48. Bxc6 Re6 49. Bxd5 Ra6 50. Bb3 Rc6 51. Rc1 Rc8 52. d5 Rb8 53. d6 Rxb3
54. axb3 a2 55. Ra1 {Black resigns} 1-0

[Event "Team 45 45 League T53"]
[Site "Internet Chess Club"]
[Date "2012.05.27"]
[Round "2"]
[White "monkhammer"]
[Black "tryanything"]
[Result "1/2-1/2"]
[WhiteElo "1433"]
[BlackElo "1582"]
[Opening "two knights defense: Fritz variation"]
[ECO "C57"]
[Time "18:55:55"]
[TimeControl "2700+45"]

1. e4 e5 2. Nf3 Nc6 3. Bc4 Nf6 4. Ng5 d5 5. exd5 Nd4 6. c3 b5 7. cxd4 bxc4 8.
dxe5 Nxd5 9. Qa4+ Bd7 10. Qxc4 Qxg5 11. Qxd5 c6 12. Qe4 Rb8 13. O-O Rb4 14. d4
Qf5 15. Qxf5 Bxf5 16. Rd1 Be7 17. d5 cxd5 18. Rxd5 O-O 19. Nc3 Rfb8 20. b3 R4b7
21. Be3 Be6 22. Rd2 Bb4 23. Rad1 h6 24. Rd8+ Rxd8 25. Rxd8+ Kh7 26. Nd5 Ba5 27.
Rd6 Rb5 28. Nf4 Rxe5 29. Nxe6 fxe6 30. g3 Bc7 31. Rd7 Bb6 32. Bxb6 axb6 33. Rb7
b5 34. Kg2 Kg6 35. a4 bxa4 36. bxa4 Ra5 37. Rb4 Kf6 38. f4 g5 39. Kf3 gxf4 40.
gxf4 Rh5 41. Rb2 Ra5 42. Ra2 Kf5 43. h3 h5 44. Ke3 h4 45. Kf3 {Game drawn by
mutual agreement} 1/2-1/2

[Event "Team 45 45 League T53"]
[Site "Internet Chess Club"]
[Date "2012.05.24"]
[Round "2"]
[White "krysto"]
[Black "Bible-Believer"]
[Result "0-1"]
[WhiteElo "1574"]
[BlackElo "1483"]
[Opening "Modern defense"]
[ECO "A40"]
[Time "21:01:07"]
[TimeControl "2700+45"]

1. d4 g6 2. c4 Bg7 3. Nc3 c5 4. d5 Bxc3+ 5. bxc3 Qa5 6. Qc2 d6 7. Nf3 Nf6 8. Bd2
Bf5 9. Qc1 Ne4 10. g3 Nxd2 11. Qxd2 Qa4 12. Nh4 Qxc4 13. e3 Qe4 14. Bg2 Qc2 15.
Nxf5 Qxf5 16. h4 Nd7 17. Qb2 Qd3 18. Rd1 Qa6 19. c4 O-O 20. Rc1 Ne5 21. Qc2 Qa5+
22. Ke2 b5 23. cxb5 Qxb5+ 24. Ke1 Nd3+ {White resigns} 0-1

[Event "Team 45 45 League T53"]
[Site "Internet Chess Club"]
[Date "2012.05.28"]
[Round "2"]
[White "PT105"]
[Black "Berke"]
[Result "0-1"]
[WhiteElo "1222"]
[BlackElo "1594"]
[Opening "Ruy Lopez: Treybal (Bayreuth) variation (exchange var. deferred)"]
[ECO "C77"]
[Time "11:00:19"]
[TimeControl "2700+45"]

1. e4 e5 2. Nf3 Nc6 3. Bb5 a6 4. Ba4 Nf6 5. Bxc6 dxc6 6. h3 Bc5 7. d3 Qd6 8. c3
Be6 9. d4 Rd8 10. Be3 Nxe4 11. Nbd2 Nxd2 12. Qxd2 exd4 13. cxd4 Bb4 {White
resigns} 0-1

[Event "Team 45 45 League T53"]
[Site "Internet Chess Club"]
[Date "2012.05.26"]
[Round "2"]
[White "Elalfer"]
[Black "malihini"]
[Result "0-1"]
[WhiteElo "1360"]
[BlackElo "1262"]
[Opening "Philidor's defense"]
[ECO "B07"]
[Time "20:00:47"]
[TimeControl "2700+45"]

1. d4 d6 2. e4 e5 3. Nf3 Bg4 4. Bb5+ c6 5. Be2 Nd7 6. Be3 Ngf6 7. Nc3 Be7 8. O-O
O-O 9. h3 Bh5 10. Nh2 Bg6 11. Bd3 b5 12. a3 a5 13. dxe5 Nxe5 14. f4 Nxd3 15.
cxd3 h6 16. f5 Bh7 17. Ng4 Nxg4 18. Qxg4 Bg5 19. Rf3 Bxe3+ 20. Rxe3 Qb6 21. Re1
f6 22. Kh1 Rfe8 23. Rg3 Re7 24. Qf4 Re5 25. Qxh6 Ra7 26. Ree3 Kh8 27. Qh5 d5 28.
d4 Qxd4 29. Rd3 Qf2 30. Qe2 Qxe2 31. Nxe2 Rxe4 32. Rge3 Bxf5 33. g4 Rae7 34. Rf3
Bxg4 35. hxg4 Rxe2 36. b3 R7e4 37. Rh3+ Kg8 38. Rhg3 Rf4 39. Rdf3 Rf2 40. Rxf4
Rxf4 41. Kg2 f5 42. gxf5 Rxf5 43. Rg6 Rf6 44. Rg4 Kf7 45. Rd4 Ke6 46. Rg4 g6 47.
b4 Kf5 48. Kg3 a4 49. Kf3 g5 50. Rd4 Ke5+ 51. Ke3 Rf4 52. Rd2 d4+ 53. Ke2 g4 54.
Rc2 Kd5 55. Rc5+ Kd6 56. Kd3 g3 57. Rg5 Rf3+ 58. Kxd4 Rxa3 59. Rg6+ Kc7 60. Kc5
Rc3+ 61. Kd4 Rb3 62. Kc5 Rc3+ 63. Kd4 Rc4+ 64. Kd3 a3 65. Kd2 a2 66. Rg7+ Kb6
67. Rg8 a1=Q 68. Rb8+ Kc7 {White resigns} 0-1

[Event "Team 45 45 League T53"]
[Site "Internet Chess Club"]
[Date "2012.05.28"]
[Round "2"]
[White "bowwrestler"]
[Black "tamky70"]
[Result "0-1"]
[WhiteElo "1227"]
[BlackElo "1417"]
[Opening "Scotch gambit"]
[ECO "C44"]
[Time "10:06:07"]
[TimeControl "2700+45"]

1. e4 e5 2. Nf3 Nc6 3. d4 exd4 4. Bc4 Bc5 5. c3 Na5 6. Qd3 Nxc4 7. Qxc4 Qe7 8.
cxd4 Qxe4+ 9. Be3 Bd6 10. O-O Nf6 11. Ng5 Qg6 12. Nc3 O-O 13. Nb5 a6 14. Nxd6
cxd6 15. Rad1 b5 16. Qd3 Qxd3 17. Rxd3 d5 18. Bf4 Bb7 19. Rc1 Bc6 20. Be5 Nh5
21. Rh3 f6 22. Rxh5 fxe5 23. dxe5 h6 24. Ne6 Rfe8 25. Nc7 Red8 26. Nxa8 Rxa8 27.
e6 Kh7 28. e7 Re8 29. Re5 a5 30. Rce1 a4 31. Rf5 Kg8 32. f4 d4 33. g4 d3 34. Rd1
Rxe7 35. Rxd3 Be4 36. Rdd5 Bxf5 37. Rxf5 b4 38. Rb5 Re4 39. Rb8+ Kf7 40. Ra8
Rxf4 41. h3 a3 42. bxa3 bxa3 43. Rxa3 d5 44. Ra7+ Kf6 45. a4 Re4 46. Kf2 g6 47.
Ra6+ Kg5 48. Kf3 Rb4 49. Ra5 Rb3+ 50. Kg2 Rd3 51. Rc5 Kh4 52. a5 Rxh3 53. Rxd5
Rg3+ 54. Kf2 Rxg4 55. a6 Ra4 56. Rd6 Kh5 57. Rd5+ Kg4 58. Rd6 Kf5 59. Ke3 h5 60.
Kf3 Ra5 61. Ke3 Ke5 62. Rxg6 Kf5 63. Rh6 Kg5 64. Rd6 h4 65. Kf3 Ra3+ 66. Ke4 h3
67. Rd5+ Kg4 68. Rd6 h2 69. Rh6 Kg3 70. Rg6+ Kh3 71. Rh6+ Kg2 72. Rg6+ Rg3 73.
a7 h1=Q 74. Rh6 Qe1+ 75. Kf5 Qf2+ 76. Ke4 Qxa7 77. Rd6 Qa4+ 78. Ke5 Rg5+ 79. Ke6
Qe8+ 80. Kf6 Qe5+ 81. Kf7 Qg7+ 82. Ke6 Rg6+ 83. Kd5 Qb7+ 84. Ke5 Qc7 85. Kd4
Rxd6+ 86. Ke4 Qe7+ 87. Kf4 Rf6+ 88. Kg4 Qg7+ 89. Kh4 Rh6# {White checkmated} 0-1